 Dungeon Crawl Stone Soup version 0.16.2-12-gd0ad4c3 (webtiles) character file.

24442 Kira the Unseen (level 12, -6/56 HPs)
             Began as a Spriggan Enchanter on Oct 20, 2015.
             Was a High Priest of Nemelex Xobeh.
             Mangled by a centaur simulacrum (29 damage)
             ... on level 13 of the Dungeon.
             The game lasted 01:20:54 (15969 turns).

Kira the Unseen (Spriggan Enchanter)               Turns: 15969, Time: 01:20:55

Health: -6/56      AC: 13    Str:  4    XL:     12   Next: 80%
Magic:  34/35      EV: 28    Int: 20    God:    Nemelex Xobeh [*****.]
Gold:   725        SH:  0    Dex: 18    Spells: 5 memorised, 25 levels left

rFire  + . .     SeeInvis +     b - +2 dagger (protect)
rCold  . . .     Clarity  .     z - +2 robe {rF+}
rNeg   . . .     SustAb   .     (shield restricted)
rPois  .         Gourm    .     (helmet restricted)
rElec  .         Spirit   .     A - +0 cloak
rCorr  .         Warding  .     (gloves unavailable)
rMut   .         Stasis   .     (boots unavailable)
MR     ++...                    (no amulet)
Stlth  +++++++...               a - ring of wizardry
                                y - +3 ring of protection

@: very quick, very resistant to hostile enchantments, extremely stealthy
A: unfitting armour, see invisible, herbivore 3, speed 3, slow metabolism 2
a: Triple Draw, Deal Four, Stack Five, Renounce Religion


You were on level 13 of the Dungeon.
You worshipped Nemelex Xobeh.
Nemelex Xobeh was extremely pleased with you.
You were not hungry.

You visited 2 branches of the dungeon, and saw 14 of its levels.

You collected 1011 gold pieces.
You spent 240 gold pieces at shops.

Inventory:

Hand weapons
 b - a +2 dagger of protection (weapon)
 K - a +1 dagger of speed
Armour
 z - a +2 robe of fire resistance (worn)
 A - a +0 cloak (worn)
Jewellery
 a - a ring of wizardry (right hand)
 h - an uncursed ring of ice
 y - a +3 ring of protection (left hand)
 J - an uncursed ring of fire
Magical devices
 s - a wand of paralysis (11)
 w - a wand of polymorph (10)
 D - a wand of cold (12)
 F - a wand of confusion (18)
 L - a wand of digging (10)
 M - a wand of lightning (6)
 N - a wand of disintegration (13)
 R - a wand of cold (10)
Scrolls
 d - 6 scrolls of identify {unknown}
 i - 3 scrolls of enchant armour {unknown}
 l - 7 scrolls of teleportation {unknown}
 p - 2 scrolls of random uselessness {unknown}
 q - 3 scrolls of fog {unknown}
 t - 3 scrolls of remove curse {unknown}
 v - a scroll of summoning {unknown}
 B - 3 scrolls of magic mapping {unknown}
 H - 3 scrolls of immolation {unknown}
 T - a scroll of acquirement {unknown}
Potions
 e - a potion of heal wounds {unknown}
 f - 5 potions of curing
 g - 2 potions of flight {unknown}
 j - a potion of agility {unknown}
 k - a potion of magic {unknown}
 m - a potion of restore abilities {unknown}
 n - 2 potions of ambrosia {unknown}
 o - 2 potions of haste {unknown}
 G - a potion of degeneration {unknown}
 P - a potion of invisibility {unknown}
 Q - a potion of mutation {unknown}
 U - a potion of beneficial mutation {unknown}
Books
 c - a book of Maledictions

   Spells                             Type                      Level
   a - Corona                         Hexes                        1
   b - Sure Blade                     Hexes/Charms                 2
   c - Ensorcelled Hibernation        Hexes/Ice                    2
   d - Confuse                        Hexes                        3
   e - Dazzling Spray                 Conjuration/Hexes            3
   f - Enslavement                    Hexes                        4
Miscellaneous
 u - a legendary deck of escape
 x - an ornate deck of war {drawn: 2}
 C - a legendary deck of war
 E - an ornate deck of war
 I - an ornate deck of escape {drawn: 1}
 O - a plain deck of war {drawn: 5}
 V - an ornate deck of destruction {drawn: 5}
 W - an ornate deck of destruction
 X - an ornate deck of escape
 Z - a legendary deck of destruction
Comestibles
 r - 10 bread rations
 S - a royal jelly
 Y - 8 fruits


   Skills:
 + Level 3.1 Fighting
 + Level 5.5 Short Blades
 + Level 11.9 Dodging
 - Level 16.1 Stealth
 + Level 13.4 Spellcasting
 + Level 12.9 Hexes
 + Level 1.9 Charms
 - Level 0.7 Ice Magic
 + Level 3.3 Evocations


You had 25 spell levels left.
You knew the following spells:

 Your Spells              Type           Power        Failure   Level  Hunger
a - Corona                Hex            ######.      1%          1    None
b - Ensorcelled Hibernat  Hex/Ice        #####.       1%          2    None
c - Confuse               Hex            ######..     1%          3    None
d - Sure Blade            Hex/Chrm       #####.....   1%          2    None
e - Enslavement           Hex            ######..     1%          4    None


Dungeon Overview and Level Annotations

Branches:
Dungeon (13/15)            Temple (1/1) D:6            Lair (0/8) D:8
    Orc (0/4) D:11
 Vaults: D:13-14

Altars:
Ashenzari
Cheibriados
Dithmenos
Elyvilon
Fedhas
Gozag
Kikubaaqudgha
Makhleb
Nemelex Xobeh
Okawaru
Qazlal
Ru
Sif Muna
Trog
Vehumet
Xom
Yredelemnul
Zin
The Shining One

Shops:
D:8 *   D:13 }


Innate Abilities, Weirdness & Mutations

You are tiny and cannot use many weapons and most armour.
You have supernaturally acute eyesight.
You are a herbivore.
You cover ground extremely quickly.
You need consume almost no food.


Message History

You climb downwards.
A troll comes into view.
The troll shouts!
The centaur simulacrum barely misses you.
The centaur warrior shoots an arrow.
The arrow closely misses you. The centaur simulacrum misses you.
There is a stone staircase leading up here.
The centaur warrior shoots an arrow.
The arrow misses you.
The centaur simulacrum completely misses you.
You climb upwards.
There is a stone staircase leading down here.
You climb downwards.
The centaur simulacrum hits you. The centaur simulacrum freezes you!!
The troll completely misses you. The troll completely misses you.
The troll claws you but does no damage.
The centaur simulacrum closely misses you.
There is a stone staircase leading up, spattered with blood here.
The centaur simulacrum hits you. The centaur simulacrum freezes you!!
Ouch! That really hurt!
You die...
Your body glows slightly and disappears.

≈≈≈≈≈≈≈≈≈≈≈≈≈≈≈≈≈≈≈≈≈≈≈≈≈≈≈≈≈
≈≈≈≈≈≈≈≈≈≈≈≈≈≈≈≈≈≈≈≈≈≈≈≈≈≈≈≈≈≈
#########################≈≈≈≈≈≈
...................(.....≈≈≈≈≈≈≈
.........................≈≈≈≈≈≈≈
./.y.....................≈≈≈≈≈≈≈
[........................≈≈≈≈≈≈≈≈
.)............)<...(.....≈≈≈≈≈≈≈≈
♣............c.T@.(..<...≈≈≈≈≈≈≈≈
..>.............Z.....[..≈≈≈≈≈≈≈
∩♣.../............)......≈≈≈≈≈≈≈
.....}...................≈≈≈≈≈≈≈
♣.†................[.....≈≈≈≈≈≈
.........................≈≈≈≈≈
#########################≈≈≈≈
≈≈≈≈≈≈≈≈≈≈≈≈≈≈≈≈≈≈≈≈≈≈≈≈≈≈≈≈
≈≈≈≈≈≈≈≈≈≈≈≈≈≈≈≈≈≈≈≈≈≈≈≈≈≈≈


You could see a centaur warrior, a troll and a centaur simulacrum.

Vanquished Creatures
  A war gargoyle (D:10)
  An ice dragon (D:11)
  A centaur warrior (D:10)
  Harold (D:12)
  A hydra (D:12)
  2 unseen horrors (D:10)
  The ghost of Kira the Thaumaturge, an experienced SpEn of Sif Muna (D:10)
  Erolcha (D:9)
  3 hill giants
  3 cyclopes
  An orb spider (shapeshifter) (D:10)
  2 ugly things
  A centaur zombie (D:12)
  A komodo dragon (D:10)
  An efreet (D:13)
  A freezing wraith (D:10)
  A two-headed ogre (D:13)
  2 trolls
  3 deep elf magi
  A wyvern (D:9)
  2 water elementals (D:11)
  15 yaks
  3 hippogriffs
  2 shadows
  Grum (D:9)
  4 wolves (D:9)
  A vampire mosquito (D:10)
  A human (D:7)
  2 mottled dragons
  2 hungry ghosts
  A soldier ant (D:11)
  The ghost of Zrachosh the Gusty, an average TeAE (D:3)
  8 orc warriors
  An ice beast (D:7)
  A phantom (D:9)
  7 sky beasts
  An eye of draining (D:12)
  9 ogres
  15 centaurs
  A wasp (D:5)
  A big kobold (D:12)
  2 crocodiles
  A brain worm (D:12)
  8 giant frogs
  3 scorpions
  2 electric eels (D:11)
  8 wights
  12 killer bees
  2 giant frog zombies (D:11)
  5 crimson imps
  3 jellies
  3 quasits
  6 hounds
  A goliath beetle (D:11)
  7 orc priests
  2 centaur skeletons (D:4)
  7 worker ants
  4 iguanas
  Natasha (thrice) (D:5)
  A giant frog skeleton (D:3)
  13 orc wizards
  5 sheep
  A killer bee zombie (D:10)
  A hound zombie (D:5)
  12 adders
  2 shadow imps
  A worm (D:2)
  An ooze (D:1)
  48 orcs
  A ball python (D:1)
  21 bats
  A bat skeleton (D:5)
  A bat zombie (D:7)
  5 giant cockroaches
  11 hobgoblins
  10 kobolds
  A ball python skeleton (D:4)
  5 giant geckos
  11 goblins
  2 jackals (D:6)
  An orc zombie (D:13)
  3 quokka skeletons
  15 rats
  2 ballistomycetes (D:13)
362 creatures vanquished.

Vanquished Creatures (collateral kills)
  An ugly thing (D:11)
  A trapdoor spider zombie (D:12)
  A deep elf mage (D:11)
  A water elemental (D:11)
  2 yaks (D:12)
  A scorpion (D:11)
  2 electric eels (D:11)
  An orc wizard (D:11)
  2 adders (D:11)
  An orc (D:11)
13 creatures vanquished.

Vanquished Creatures (others)
  An air elemental (D:11)
  2 centaurs (D:12)
  A giant frog (D:11)
  An orc priest (D:11)
  A giant spore (D:13)
6 creatures vanquished.

Grand Total: 381 creatures vanquished

Notes
Turn   | Place    | Note
--------------------------------------------------------------
     0 | D:1      | Kira, the Spriggan Enchanter, began the quest for the Orb.
     0 | D:1      | Reached XP level 1. HP: 9/9 MP: 4/4
   235 | D:1      | Reached XP level 2. HP: 8/13 MP: 5/7
   239 | D:1      | Learned a level 2 spell: Ensorcelled Hibernation
   559 | D:2      | Found a radiant altar of Vehumet.
   588 | D:2      | Reached skill level 5 in Stealth
   613 | D:2      | Reached XP level 3. HP: 8/16 MP: 4/11
  1889 | D:3      | Learned a level 3 spell: Confuse
  2128 | D:2      | Reached XP level 4. HP: 21/21 MP: 3/14
  2155 | D:2      | Found a burning altar of Makhleb.
  2560 | D:3      | Noticed Zrachosh's ghost (average TeAE)
  2583 | D:3      | Killed Zrachosh's ghost
  2583 | D:3      | Reached XP level 5. HP: 21/25 MP: 12/18
  2653 | D:3      | Found a glowing golden altar of the Shining One.
  2659 | D:3      | Found a burning altar of Makhleb.
  2659 | D:3      | Found a shattered altar of Ashenzari.
  2659 | D:3      | Found an opulent altar of Gozag.
  2660 | D:3      | Found a snail-covered altar of Cheibriados.
  2661 | D:3      | Found a blossoming altar of Fedhas.
  2662 | D:3      | Found an ancient bone altar of Kikubaaqudgha.
  2663 | D:3      | Found a sparkling altar of Nemelex Xobeh.
  3100 | D:3      | Became a worshipper of Nemelex Xobeh the Trickster
  3160 | D:4      | Reached skill level 5 in Dodging
  3160 | D:4      | Reached XP level 6. HP: 29/29 MP: 15/20
  3301 | D:4      | Reached skill level 6 in Stealth
  3301 | D:4      | Reached skill level 5 in Hexes
  3347 | D:4      | Received a gift from Nemelex Xobeh
  3780 | D:5      | Entered Level 5 of the Dungeon
  3847 | D:5      | Noticed Natasha
  3852 | D:5      | Killed Natasha
  3933 | D:5      | Reached skill level 1 in Fighting
  3933 | D:5      | Reached skill level 7 in Stealth
  4023 | D:5      | Reached XP level 7. HP: 25/33 MP: 21/21
  4058 | D:5      | Noticed Natasha
  4067 | D:5      | Killed Natasha
  4347 | D:5      | Found a sacrificial altar of Ru.
  4444 | D:5      | Reached skill level 5 in Spellcasting
  4636 | D:5      | Noticed Natasha
  4643 | D:5      | Killed Natasha
  4674 | D:6      | Reached skill level 8 in Stealth
  5064 | D:6      | Found a staircase to the Ecumenical Temple.
  5064 | D:6      | Received a gift from Nemelex Xobeh
  5077 | Temple   | Entered the Ecumenical Temple
  5349 | D:6      | Received a gift from Nemelex Xobeh
  5851 | D:6      | Reached XP level 8. HP: 37/37 MP: 18/25
  5861 | D:6      | Received a gift from Nemelex Xobeh
  6072 | D:6      | Reached skill level 9 in Stealth
  6316 | D:7      | Received a gift from Nemelex Xobeh
  6431 | D:7      | Acquired Nemelex Xobeh's first power
  6625 | D:7      | Reached skill level 10 in Stealth
  6954 | D:8      | Found a staircase to the Lair.
  6965 | D:8      | Reached XP level 9. HP: 41/41 MP: 16/28
  7095 | D:8      | Reached skill level 11 in Stealth
  7553 | D:8      | Received a gift from Nemelex Xobeh
  7568 | D:8      | Found Unixtoasm's General Store.
  7571 | D:8      | Bought a potion of brilliance for 64 gold pieces
  7571 | D:8      | Bought a potion of resistance for 160 gold pieces
  7571 | D:8      | Bought a scroll of noise for 16 gold pieces
  7884 | D:9      | Reached skill level 12 in Stealth
  8016 | D:9      | Received a gift from Nemelex Xobeh
  8052 | D:9      | Acquired Nemelex Xobeh's second power
  8092 | D:9      | Found an iron altar of Okawaru.
  8114 | D:9      | Found a shadowy altar of Dithmenos.
  8200 | D:9      | Received a gift from Nemelex Xobeh
  8222 | D:9      | Reached skill level 13 in Stealth
  8260 | D:9      | Noticed Grum
  8284 | D:9      | Reached XP level 10. HP: 46/46 MP: 6/30
  8290 | D:9      | Killed Grum
  8670 | D:9      | Noticed Erolcha
  8755 | D:9      | Killed Erolcha
  8978 | D:9      | Received a gift from Nemelex Xobeh
  9002 | D:10     | Entered Level 10 of the Dungeon
  9002 | D:10     | Noticed a hill giant
  9005 | D:10     | Killed a hill giant
  9128 | D:10     | Noticed an unseen horror
  9133 | D:10     | Killed an unseen horror
  9133 | D:10     | Reached skill level 14 in Stealth
  9204 | D:10     | Noticed a cyclops
  9207 | D:10     | Noticed Kira's ghost (experienced SpEn)
  9259 | D:10     | Killed a cyclops
  9259 | D:10     | Reached skill level 10 in Hexes
  9263 | D:10     | Killed Kira's ghost
  9263 | D:10     | Reached skill level 10 in Spellcasting
  9484 | D:10     | Received a gift from Nemelex Xobeh
  9634 | D:10     | Reached XP level 11. HP: 50/50 MP: 25/32
  9680 | D:10     | Acquired Nemelex Xobeh's third power
  9680 | D:10     | Received a gift from Nemelex Xobeh
 10029 | D:10     | Noticed an unseen horror
 10052 | D:10     | Killed an unseen horror
 10052 | D:10     | Reached skill level 15 in Stealth
 10061 | D:10     | Noticed a cyclops
 10159 | D:10     | Learned a level 2 spell: Sure Blade
 10443 | D:10     | Noticed a war gargoyle
 10446 | D:10     | Killed a war gargoyle
 10446 | D:10     | Reached skill level 1 in Charms
 10460 | D:10     | Noticed a white ugly thing
 10463 | D:10     | Killed a white ugly thing
 10463 | D:10     | Reached skill level 10 in Dodging
 10470 | D:10     | Noticed an orb spider
 10504 | D:10     | Noticed a centaur warrior
 10517 | D:10     | Killed an orb spider
 10523 | D:10     | Killed a cyclops
 10528 | D:10     | Killed a centaur warrior
 10921 | D:11     | Received a gift from Nemelex Xobeh
 10967 | D:11     | Reached skill level 16 in Stealth
 11055 | D:11     | Noticed a hill giant
 11150 | D:11     | Killed a hill giant
 11150 | D:11     | Reached skill level 1 in Evocations
 11364 | D:11     | Received a gift from Nemelex Xobeh
 11364 | D:11     | Noticed an ice dragon
 11369 | D:11     | HP: 2/51 [electric eel/bolt of electricity (10)]
 12175 | D:11     | Found a staircase to the Orcish Mines.
 12662 | D:11     | Reached skill level 5 in Short Blades
 12687 | D:11     | Reached XP level 12. HP: 31/56 MP: 7/34
 12733 | D:11     | Learned a level 4 spell: Enslavement
 12903 | D:11     | Killed an ice dragon
 14194 | D:12     | Received a gift from Nemelex Xobeh
 14399 | D:12     | Noticed Harold
 14468 | D:12     | Killed Harold
 14699 | D:12     | Noticed a five-headed hydra
 14707 | D:12     | Killed a five-headed hydra
 14743 | D:12     | Received a gift from Nemelex Xobeh
 15676 | D:13     | Found Lommexol's Gadget Emporium.
 15686 | D:13     | Received a gift from Nemelex Xobeh
 15749 | D:13     | Noticed a centaur warrior
 15969 | D:13     | Mangled by a centaur simulacrum

Action                   |  1- 3 |  4- 6 |  7- 9 | 10-12 || total
-------------------------+-------+-------+-------+-------++-------
Melee: Dagger            |   113 |   151 |   258 |   646 ||  1168
 Cast: Corona            |     6 |       |       |     1 ||     7
       Ensorcelled Hiber |    17 |    12 |    99 |   198 ||   326
       Confuse           |     3 |     2 |    34 |    48 ||    87
       Sure Blade        |       |       |       |     5 ||     5
Evoke: Deck              |       |       |       |    37 ||    37
       Wand              |       |       |       |     1 ||     1
  Use: Potion            |       |       |       |     3 ||     3
       Scroll            |       |       |       |     1 ||     1
 Stab: Sleeping          |     9 |    14 |    76 |   132 ||   231
       Confused          |     1 |     3 |    12 |    34 ||    50
       Distracted        |       |       |       |     6 ||     6
  Eat: Bread ration      |       |     1 |       |       ||     1
       Pizza             |       |       |     1 |     7 ||     8
